 Dungeon Crawl Stone Soup version 0.26-a0-812-g31a745ddcd (webtiles) character file.

Game seed: 15428202507302740049

17 Lanoc the Ducker (level 2, 0/22 HPs)
             Began as a Merfolk Arcane Marksman on Nov 18, 2020.
             Slain by a leopard gecko (3 damage)
             ... on level 2 of the Dungeon.
             The game lasted 00:02:07 (994 turns).

Lanoc the Ducker (Merfolk Arcane Marksman)           Turns: 994, Time: 00:02:07

Health: 0/22       AC:  2    Str:  6    XL:     2   Next: 62%
Magic:  3/3        EV: 13    Int: 12    God:
Gold:   14         SH:  0    Dex: 14    Spells: 2/3 levels left

rFire    . . .     SeeInvis .   (no weapon)
rCold    . . .     Faith    .   (no shield)
rNeg     . . .     Spirit   .   a - +0 robe
rPois    .         Reflect  .   (no helmet)
rElec    .         Harm     .   (no cloak)
rCorr    .         Rampage  .   (no gloves)
MR       .....                  (no boots)
Stlth    +.........             (no amulet)
HPRegen  0.07/turn              f - -4 ring of strength (curse)
MPRegen  0.08/turn              (no ring)

@: no status effects
A: change form in water, swift swim, stealthy swim
a: no special abilities


You were on level 2 of the Dungeon.
You visited 1 branch of the dungeon, and saw 3 of its levels.

You collected 14 gold pieces.

Inventory:

Missiles
 d - a throwing net (quivered)
Armour
 a - a +0 robe (worn)
Jewellery
 f - a cursed -4 ring of strength (left hand)
Scrolls
 c - a scroll of enchant weapon {unknown}
 e - a scroll of fog {unknown}
 h - a scroll of magic mapping {unknown}
Potions
 b - a potion of resistance {unknown}


   Skills:
 + Level 1.6 Fighting
 * Level 2.6 Throwing
 + Level 3.1 Dodging
 - Level 1.0 Spellcasting
 - Level 3.0 Hexes


You had 2 spell levels left.
You knew the following spells:

 Your Spells              Type           Power        Failure   Level
a - Corona                Hex            #......      9%          1

Your spell library contained the following spells:

 Spells                   Type           Power        Failure   Level
 Slow                     Hex            #.......     13%         2
 Inner Flame              Hex/Fire       #.......     43%         3
 Portal Projectile        Hex/Tloc       #.....       43%         3
 Cause Fear               Hex            #.........   65%         4
 Leda's Liquefaction      Hex/Erth       #.........   85%         4


Dungeon Overview and Level Annotations

Branches:
Dungeon (3/15)

Altars:


Message History

The leopard gecko bites you but does no damage.
The leopard gecko closely misses you.
You hit the leopard gecko.
The leopard gecko is heavily wounded.
The leopard gecko bites you but does no damage.
You miss the leopard gecko.
The leopard gecko is heavily wounded.
The leopard gecko bites you but does no damage.
You miss the leopard gecko.
The leopard gecko is heavily wounded.
The leopard gecko barely misses you.
You miss the leopard gecko.
The leopard gecko is heavily wounded.
The leopard gecko bites you but does no damage.
You closely miss the leopard gecko.
The leopard gecko is heavily wounded.
The leopard gecko bites you.
* * * LOW HITPOINT WARNING * * *
The leopard gecko bites you.
You die...

#.#### #.# #..# #<...#
#.####..#
####....######.......##
+...>..................
####...###########...##
##..# ##.## ##o# #.#
#l# #.# #@# #####.###
#.# #.......# #.#
#.#...#.# ..# #.#.###.#
### #.......# ###.#####
#.# #.##### #......


You could see an orc and a leopard gecko.

Vanquished Creatures
  A worm (D:2)
  A leopard gecko (D:2)
  2 bats (D:2)
  A giant cockroach (D:1)
  3 jackals (D:2)
  A kobold (D:2)
  2 goblins (D:2)
11 creatures vanquished.

Notes
Turn   | Place    | Note
-------+----------+-------------------------------------------
     0 | D:1      | Lanoc the Merfolk Arcane Marksman began the quest for the
                  | Orb.
     0 | D:1      | Reached XP level 1. HP: 15/15 MP: 2/2
    94 | D:2      | Reached XP level 2. HP: 12/21 MP: 3/3
   994 | D:2      | Slain by a leopard gecko

Illustrated notes

Levels and vault maps discovered:
D:1:      minmay_arrival_hallway, layout_rooms, serial_aquarium,
          aquarium_bridge_straight [aquarium_subvault_bridge,
          aquarium_subvault_balcony, aquarium_subvault_bridge,
          aquarium_subvault_window], aquarium_bridge_square
          [aquarium_subvault_window, aquarium_subvault_wall,
          aquarium_subvault_bridge, aquarium_subvault_bridge],
          aquarium_window_1, aquarium_window_1, aquarium_window_corner,
          aquarium_view_2c, aquarium_view_2e, aquarium_pool_five
D:2:      layout_loops_corners
D:3:      layout_basic, kennysheep_generic_room_4, uniq_natasha

Skill      XL: |  1  2 |
---------------+-------+-----
Dodging        | 3 |  3.1
Fighting       | |  1.6
Throwing       | |  2.6
Spellcasting   | |  1.0
Hexes          | |  3.0

Action                   || total
-------------------------++-------
Melee: Unarmed           ||    89
Throw: Javelin           ||    31
       Throwing net      ||     2
Armor: Robe              ||    42
Dodge: Dodged            ||   114

Table legend: (Time is in decaauts)
 A = Elapsed time spent in this place.
 B = Non-inter-level travel time spent in this place.
 C = Inter-level travel time spent in this place.
 D = Time resting spent in this place.
 E = Time spent auto-exploring this place.
 F = Levels seen in this place.
 G = Mean time per level.
                   A        B        C        D        E       F      G
               +--------+--------+--------+--------+--------+-----+--------+
         Total |   1005 |    983 |     22 |      0 |    721 |   3 |  335.0 |
       Dungeon |   1005 |    983 |     22 |      0 |    721 |   3 |  335.0 |
               +--------+--------+--------+--------+--------+-----+--------+

Top non-repeatable levels by time:
     D:2: 927 daAuts
     D:1: 67 daAuts
     D:3: 10 daAuts
